Map: Efflorescence LE

Players

Snuggles - Winner!

  • Race: Protoss Protoss
  • League: Platinum
  • Spawn Location: 3:00

Ugubriat - Winner!

  • Race: Zerg Zerg
  • League: Gold
  • Spawn Location: 12:00

Massa

  • Race: Terran Terran
  • League: Gold
  • Spawn Location: 6:00

qqq

  • Race: Protoss Protoss
  • League: Platinum
  • Spawn Location: 9:00

VOD

Have the link to the VOD?

Description

Time

  • Played on: July 29, 2020, 12:07 p.m.
  • Length: 7:52
Show
View Real Time Build Order
Export as new Build Order

Snuggles Protoss - Winner!

Build Orders: Nexus First 

Get SALT Encoding   

  12  0:01  Probe  
  13  0:13  Probe  
  14  0:20  Pylon  
  14  0:25  Probe  
  15  0:38  Probe (Chrono Boost)  
  16  0:48  Probe (Chrono Boost)  
  17  1:04  Nexus  
  17  1:10  Probe  
  18  1:23  Gateway  
  18  1:24  Assimilator  
  18  1:29  Pylon  
  18  1:36  Pylon  
  18  1:48  Probe  
  19  1:54  Assimilator  
  19  2:00  Probe  
  20  2:10  Cybernetics Core  
  20  2:12  Probe  
  21  2:19  Gateway  
  21  2:21  Probe  
  22  2:27  Probe  
  23  2:33  Probe  
  23  2:39  Probe, Warp Gate (Chrono Boost)  
  22  2:52  Stalker (Chrono Boost)  
  24  3:04  Probe  
  24  3:05  Probe  
  26  3:16  Probe  
  26  3:17  Probe  
  26  3:45  Twilight Council  
  26  3:48  Gateway  
  26  3:51  Gateway  
  26  3:53  Gateway  
  26  3:57  Gateway  
  26  4:00  Probe  
  26  4:02  Probe  
  28  4:12  Stalker  
  30  4:18  Stalker  
  30  4:20  Blink (Chrono Boost)  
  32  4:36  Stalker  
  34  4:42  Stalker  
  36  4:50  Probe x2  
  38  4:55  Pylon  
  38  4:57  Pylon  
  38  5:02  Probe x2  
  40  5:14  Probe  
  40  5:15  Probe, Stalker x3  
  48  5:25  Stalker x2  
  48  5:26  Probe  
  49  5:48  Stalker x2  
  49  5:49  Stalker  
  53  5:54  Assimilator  
  53  5:58  Assimilator  
  53  6:14  Stalker x2  
  53  6:15  Stalker  
  57  6:19  Probe x2  
  59  6:26  Gateway  
  59  6:31  Probe x2  
  61  7:02  Stalker  
  61  7:03  Stalker x3  
  51  7:40  Zealot x7  
  65  7:47  Gateway  
  65  7:49  Gateway x2  
Show
View Real Time Build Order
Export as new Build Order

Ugubriat Zerg - Winner!

Build Orders: Hatch First 

Get SALT Encoding   

  12  0:00  Drone  
  13  0:13  Overlord  
  13  0:18  Drone  
  14  0:32  Drone x2  
  16  0:51  Hatchery  
  16  0:55  Drone  
  16  0:58  Drone  
  16  1:02  Drone  
  18  1:05  Extractor  
  17  1:20  Spawning Pool  
  16  1:25  Drone  
  16  1:26  Drone  
  18  1:37  Drone  
  19  1:44  Drone  
  20  1:58  Overlord  
  20  2:08  Queen x2  
  20  2:10  Metabolic Boost  
  20  2:14  Zergling x2  
  25  2:17  Zergling x2  
  25  2:21  Drone  
  27  2:26  Drone x2  
  27  2:29  Drone  
  30  2:42  Overlord  
  30  2:43  Drone  
  31  2:55  Zergling x4  
  31  2:56  Zergling x2  
  33  3:09  Zergling x6  
  36  3:13  Baneling Nest  
  35  3:24  Drone x5  
  35  3:25  Drone  
  35  3:27  Queen  
  43  3:42  Overlord x2  
  43  3:53  Evolution Chamber  
  42  3:57  Zergling x2  
  42  3:59  Baneling  
  42  4:00  Baneling x6  
  43  4:03  Zergling x14  
  43  4:04  Zergling x4  
  52  4:20  Drone x3  
  55  4:29  Drone x4, Extractor  
  55  4:30  Drone  
  59  4:36  Overlord  
  59  4:42  Zerg Melee Weapons Level 1  
  47  5:20  Zergling x4  
  47  5:21  Zergling x20  
  59  5:28  Extractor  
  58  5:49  Zergling x2  
  58  5:50  Zergling x6  
  58  5:56  Zergling x8  
  63  6:01  Zergling x8  
  65  6:08  Lair  
  65  6:10  Drone  
  66  6:17  Extractor  
  65  6:28  Hatchery  
  59  6:48  Zergling x2  
  59  6:49  Zergling x16  
  67  7:06  Spire  
  67  7:07  Drone  
  67  7:33  Zergling x2  
Show
View Real Time Build Order
Export as new Build Order

Massa Terran 

Build Orders:  

Get SALT Encoding   

  12  0:01  SCV  
  13  0:13  SCV  
  14  0:22  Supply Depot  
  14  0:25  SCV  
  15  0:31  Refinery  
  15  0:43  SCV  
  15  0:46  Barracks  
  16  0:55  SCV  
  17  1:07  SCV  
  18  1:18  Barracks  
  18  1:19  SCV  
  19  1:33  Orbital Command  
  19  1:35  Reaper  
  19  1:39  Supply Depot  
  20  1:54  Factory  
  20  2:05  SCV  
  21  2:10  Barracks Tech Lab  
  21  2:13  Marine  
  22  2:17  SCV  
  23  2:29  SCV  
  24  2:31  Marine  
  25  2:55  SCV  
  25  2:56  Marauder, Marine  
  29  3:07  SCV  
  30  3:14  Marine  
  31  3:36  SCV  
  31  3:37  Stimpack  
  31  3:51  Supply Depot  
  31  3:52  Command Center  
  31  3:56  Supply Depot  
  31  4:02  Factory Reactor  
  31  4:13  SCV, Marauder, Marine  
  31  4:14  Engineering Bay  
  35  4:18  Refinery  
  35  4:22  Supply Depot  
  35  4:25  SCV  
  35  4:29  Barracks  
  35  4:30  Starport  
  35  4:31  Marine  
  37  4:33  Supply Depot  
  37  4:35  Marauder  
  37  4:36  Supply Depot  
  39  4:39  Widow Mine x2  
  43  4:48  Marine  
  44  4:55  SCV  
  44  4:56  Marauder  
  47  5:06  Marine  
  48  5:07  SCV  
  38  5:17  Marauder  
  38  5:18  Barracks Reactor  
  38  5:19  SCV  
  35  5:24  Widow Mine, Marine  
  35  5:26  Widow Mine  
  37  5:31  SCV  
  38  5:38  Bunker  
  38  5:42  Marine  
  32  5:59  Medivac  
  32  6:01  Marine x2  
  32  6:02  Marine  
  37  6:17  Orbital Command  
  37  6:19  Marine x3  
  40  6:26  Bunker  
  40  6:28  Widow Mine x2  
  40  6:29  Medivac  
  46  6:36  Marine  
  46  6:37  Marine x2  
  46  6:54  Marine x2  
  46  6:55  Marine  
  46  6:57  Orbital Command  
  43  7:08  Widow Mine x2  
  47  7:12  Marine x2  
  47  7:13  Marine, Medivac  
  52  7:19  Factory  
  52  7:20  Factory  
  42  7:30  Marine  
  42  7:31  Marine  
Show
View Real Time Build Order
Export as new Build Order

qqq Protoss 

Build Orders: 1 Gate Expand 

Get SALT Encoding   

  12  0:05  Probe  
  13  0:17  Probe  
  14  0:23  Pylon  
  14  0:31  Probe  
  14  0:33  Pylon  
  15  0:43  Probe  
  16  0:54  Gateway  
  16  0:55  Probe  
  17  1:02  Pylon  
  17  1:14  Probe  
  18  1:26  Probe  
  19  1:38  Probe  
  20  1:42  Nexus  
  20  1:50  Probe  
  20  1:52  Assimilator  
  21  1:58  Assimilator  
  21  2:07  Probe  
  22  2:19  Probe  
  23  2:44  Cybernetics Core  
  23  2:45  Forge  
  23  2:48  Probe  
  24  3:00  Probe  
  24  3:02  Probe  
  26  3:12  Probe  
  27  3:15  Probe  
  28  3:24  Probe  
  28  3:27  Probe, Photon Cannon  
  30  3:36  Probe  
  30  3:37  Stargate  
  30  3:39  Probe  
  30  3:40  Stargate  
  33  3:48  Probe  
  33  3:51  Probe, Assimilator  
  33  3:55  Assimilator, Protoss Air Weapons Level 1 (Chrono Boost)  
  34  3:59  Pylon  
  34  4:00  Probe  
  35  4:03  Probe  
  36  4:11  Pylon  
  36  4:12  Probe  
  36  4:15  Probe  
  38  4:22  Phoenix  
  40  4:24  Probe, Phoenix  
  40  4:27  Probe  
  44  4:35  Photon Cannon  
  44  4:36  Probe  
  45  4:39  Probe  
  45  4:43  Photon Cannon  
  46  4:47  Phoenix  
  46  4:49  Phoenix  
  46  4:51  Probe  
  50  5:03  Probe  
  51  5:12  Phoenix  
  51  5:38  Pylon  
  51  5:42  Photon Cannon  
  51  5:44  Pylon  
  51  5:46  Pylon  
  51  5:50  Pylon  
  48  6:02  Pylon  
  47  6:04  Pylon  
  47  6:06  Pylon  
  47  6:09  Pylon  
  44  6:18  Pylon  
  44  6:21  Pylon  
  42  6:26  Stargate  
  42  6:29  Stargate  
  42  6:31  Photon Cannon  
Tags
 
Add a new tag
Caveats
  • Supply blocks, unpowered buildings, or Contaminate may cause inaccurate times.
  • Supply counts are checked every 10 seconds.